 Dungeon Crawl Stone Soup version 0.30-a0-587-gfd7c166f36 (webtiles) character file.

Game seed: 7549708426457763279

0 Citaku the Shield-Bearer (level 1, 0/19 HPs)
             Began as a Minotaur Fighter on Jan 4, 2023.
             Slain by a gnoll
             ... wielding a +0 whip
              (1 damage)
             ... on level 1 of the Dungeon.
             The game lasted 00:00:19 (58 turns).

Citaku the Shield-Bearer (Minotaur Fighter)           Turns: 58, Time: 00:00:20

Health: 0/19       AC:  6    Str: 20    XL:     1   Next: 8%
Magic:  0/0        EV:  9    Int:  5    God:
Gold:   16         SH:  4    Dex:  9    Spells: 0/0 levels left

rFire   . . .      SeeInvis .    a - +0 war axe
rCold   . . .      Faith    .    c - +0 buckler
rNeg    . . .      Spirit   .    b - +0 scale mail
rPois   .          Reflect  .    (helmet restricted)
rElec   .          Harm     .    (no cloak)
rCorr   .          Rampage  .    (no gloves)
Will    .....                    (no boots) Stlth
                                 (no amulet)
HPRegen 0.23/turn                (no ring)
MPRegen 0.07/turn                (no ring)

@: no status effects
A: horns 2, retaliatory headbutt
a: no special abilities


You were on level 1 of the Dungeon.
You visited 1 branch of the dungeon, and saw 1 of its levels.

You collected 16 gold pieces.

Inventory:

Hand Weapons
 a - a +0 war axe (weapon)
Armour
 b - a +0 scale mail (worn)
 c - a +0 buckler (worn)
Scrolls
 e - a scroll of noise {unknown}
Potions
 d - a potion of might


   Skills:
 + Level 3.6 Fighting
 * Level 2.4 Axes
 * Level 3.6 Armour
 - Level 3.6 Shields


You couldn't memorise any spells.
You didn't know any spells.
Your spell library was empty.

Dungeon Overview and Level Annotations

Branches:
Dungeon (1/15)

Altars:


Innate Abilities, Weirdness & Mutations

You have a pair of horns on your head.
You reflexively headbutt those who attack you in melee.


Message History

Welcome, Citaku the Minotaur Fighter.
Everyone else who sought the Orb of Zot has failed.
Will you be different?
Press ? for a list of commands and other information.
Found a staircase leading out of the dungeon.
e - a scroll labelled XOMOHUTETE You open the gate.
There is an open gate here.
You now have 6 gold pieces.
You now have 16 gold pieces (gained 10).
A rat comes into view.
The rat moves out of view.
An endoplasm and a gnoll come into view.
Found a robe, a scroll labelled IMMYIL FOOZO and 17 gold pieces.
The endoplasm quivers.
The gnoll shouts!
You hear an angry hiss.
There are monsters nearby!
You barely miss the rat. Your headbutt misses the rat.
You block the rat's attack.
You barely miss the rat. You closely miss the gnoll.
The rat bites you but does no damage. The gnoll hits you with a +0 whip.
A rat comes into view.
The endoplasm attacks as you move away! You block the endoplasm's attack.
You slash the rat!
You kill the rat!
You hit the endoplasm. The endoplasm freezes you.
You are frozen.
The endoplasm freezes you.
You are frozen.
The gnoll hits you with a +0 whip.
* * * LOW HITPOINT WARNING * * *
A hobgoblin comes into view.
You slash the gnoll!
The gnoll is heavily wounded.
You completely miss the endoplasm. You block the endoplasm's attack.
The gnoll hits you with a +0 whip.
You die...

.#.$.. #######
......
......###......
.........#....
....?#..r...
#.#.......[
#.##...# .
###...Jg###....
##......@.......
##......###......
##.......####.####
##...#.........#
######..#.......###
# .....#.#........#
.........##....##
.....##........#
........########


You could see a gnoll, an endoplasm and a rat.

Vanquished Creatures
  A rat (D:1)
1 creature vanquished.

Notes
Turn   | Place    | Note
-------+----------+-------------------------------------------
     0 | D:1      | Citaku the Minotaur Fighter began the quest for the Orb.
     0 | D:1      | Reached XP level 1. HP: 19/19 MP: 0/0
    58 | D:1      | Slain by a gnoll

Illustrated notes

Levels and vault maps discovered:
D:1:      kennysheep_arrival_seaside, layout_rooms,
          nicolae_ecumenical_lake_church

Action                   || total
-------------------------++-------
Melee: War axe           ||     4
Armor: Scale mail        ||     1
Block: Buckler           ||     3

Table legend: (Time is in decaauts)
 A = Elapsed time spent in this place.
 B = Non-inter-level travel time spent in this place.
 C = Inter-level travel time spent in this place.
 D = Time resting spent in this place.
 E = Time spent auto-exploring this place.
 F = Levels seen in this place.
 G = Mean time per level.
                   A        B        C        D        E       F      G
               +--------+--------+--------+--------+--------+-----+--------+
         Total |     59 |     59 |      0 |      0 |     49 |   1 |   59.0 |
       Dungeon |     59 |     59 |      0 |      0 |     49 |   1 |   59.0 |
               +--------+--------+--------+--------+--------+-----+--------+

Top non-repeatable levels by time:
     D:1: 59 daAuts
